[Event "*** Titled Tuesday Blitz"]
[Site "Chess.com"]
[Date "2020.05.12"]
[Round "9"]
[White "Tsyhanchuk_Stanislav"]
[Black "kinga2008"]
[Result "0-1"]
[WhiteElo "2498"]
[BlackElo "2228"]
[TimeControl "180+1"]
[EndTime "11:43:40 PDT"]
[Termination "kinga2008 won on time"]

1. d4 Nf6 2. c4 g6 3. Nf3 Bg7 4. g3 d6 5. Bg2 O-O 6. O-O Nbd7 7. Nc3 e5 8. e4 h6 9. h3 exd4 10. Nxd4 Ne5 11. Qe2 c5 12. Nc2 Be6 13. Ne3 Qd7 14. f4 Nc6 15. f5 Nd4 16. Qf2 gxf5 17. exf5 Rae8 18. fxe6 fxe6 19. Qd2 Nh5 20. Rxf8+ Rxf8 21. Ne4 Nf3+ 22. Bxf3 Rxf3 23. Kg2 Qf7 24. Qe2 Rxg3+ 25. Nxg3 Nf4+ 26. Kf2 Nxe2+ 27. Kxe2 Qg6 28. Kf2 Be5 29. Nef1 Qc2+ 30. Bd2 Qxb2 31. Re1 Bc3 32. Re2 Bd4+ 33. Kg2 Qxa2 34. Rxe6 Qxc4 35. Rxh6 Qd5+ 36. Kh2 Be5 37. Rg6+ Kf7 38. Rg4 Qf3 39. Be3 Qe2+ 40. Kg1 Qf3 41. Rg5 Bxg3 42. Rxg3 Qe4 0-1

[Event "*** Titled Tuesday Blitz"]
[Site "Chess.com"]
[Date "2020.05.12"]
[Round "9"]
[White "MikaelyanArman"]
[Black "Bacyanide"]
[Result "1/2-1/2"]
[WhiteElo "2652"]
[BlackElo "2423"]
[TimeControl "180+1"]
[EndTime "11:43:41 PDT"]
[Termination "Game drawn - insufficient material"]

1. d4 d5 2. c4 e6 3. Nc3 c5 4. cxd5 exd5 5. Nf3 Nf6 6. g3 Nc6 7. Bg2 cxd4 8. Nxd4 Bc5 9. Nb3 Bb6 10. O-O d4 11. Na4 O-O 12. Bg5 Re8 13. Re1 h6 14. Bxf6 Qxf6 15. Nxb6 axb6 16. Bxc6 bxc6 17. Qxd4 Qd8 18. Qxd8 Rxd8 19. e3 c5 20. Re2 Be6 21. Rd2 Rxd2 22. Nxd2 Rd8 23. Nf3 g5 24. Kf1 g4 25. Ne1 Rd2 26.
b3 Kg7 27. Ng2 Bd5 28. Nf4 Bf3 29. a3 Rb2 30. b4 c4 31. h3 f5 32. hxg4 fxg4 33. Ne6+ Kf6 34. Nd4 c3 35. Rc1 Ra2 36.
Ke1 Rxa3 37. Nxf3 gxf3 38. Kd1 Ke5 39. Kc2 Ra2+ 40. Kxc3 Rxf2 41. Kd3 Rg2 42. Rh1 f2 43. Ke2 Rxg3 44. Rh5+ Rg5 45. Rxh6 Rf5 46. Kf1 Ke4 47. Rxb6 Kxe3 48. Re6+ Kf3 49. Re8 Rf4 50. Re7 Rxb4 51. Rf7+ Ke3 52. Re7+ Kf3 53. Rf7+ Ke3 54. Re7+ Re4 55.
Rxe4+ Kxe4 56. Kxf2 1/2-1/2

[Event "*** Titled Tuesday Blitz"]
[Site "Chess.com"]
[Date "2020.05.12"]
[Round "9"]
[White "Gajuchess"]
[Black "Shukh_Nikolay"]
[Result "1-0"]
[WhiteElo "2705"]
[BlackElo "2535"]
[TimeControl "180+1"]
[EndTime "11:43:42 PDT"]
[Termination "Gajuchess won by resignation"]

1. d4 Nf6 2. c4 g6 3. Nc3 Bg7 4. e4 d6 5. Nf3 c6 6. Be2 Nbd7 7. e5 dxe5 8. dxe5 Ng4 9. e6 fxe6 10. Ng5 Nxf2 11.
Kxf2 O-O+ 12. Bf3 Qb6+ 13. Ke2 Ne5 14. Qb3 Qd4 15. Be3 Qxc4+ 16. Qxc4 Nxc4 17. Bc1 e5 18. Nge4 Nd6 19. Be3 Nf5 20. Rhd1 Nd4+ 21. Kf2 Bg4 22. Bxd4 exd4 23. Ne2 e5 24. Kg3 Bxf3 25. gxf3 Rf5 26.
Rf1 Raf8 27. Nc1 Bh6 28. Nd3 Bf4+ 29. Kg2 Be3 30. b4 b6 31. a4 h5 32. Ra2 Kg7 33.
Rc2 Rc8 34. Nd6 Rg5+ 35. Kh1 Rf8 36. Ne1 d3 37. Nxd3 Rxf3 38. Re1 Bd4 39. Ne4 Rgf5 40. Rd1 Rf1+ 41. Rxf1 Rxf1+ 42. Kg2 Ra1 43. Rxc6 Rxa4 44. h4 Ra3 45. Ndf2 a5 46. bxa5 bxa5 47. Nh3 Kf7 48. Nhg5+ Ke7 49. Rc7+ Kf8 50. Ne6+ Kg8 51. Nf6+ 1-0

[Event "*** Titled Tuesday Blitz"]
[Site "Chess.com"]
[Date "2020.05.12"]
[Round "9"]
[White "chessdjw"]
[Black "Hasangatin_Ramil"]
[Result "1/2-1/2"]
[WhiteElo "2680"]
[BlackElo "2561"]
[TimeControl "180+1"]
[EndTime "11:43:42 PDT"]
[Termination "Game drawn - insufficient material"]

1. e4 d5 2. exd5 Qxd5 3. Nc3 Qd6 4. d4 Nf6 5. Nf3 c6 6. g3 Bg4 7. Bg2 e6 8. O-O Be7 9. Bf4 Qd8 10. h3 Bxf3 11. Bxf3 Bd6 12. Bd2 Qc7 13. Bg2 Nbd7 14. Re1 O-O 15. Qe2 Rfe8 16. Rad1 Rad8 17. h4 h6 18. a3 Nb6 19. Qf1 Nbd5 20. Na4 b5 21. Nc5 e5 22. dxe5 Bxc5 23. exf6 Nxf6 24. Bf4 Qb6 25.
Rxe8+ Rxe8 26. b4 Bd4 27. Bf3 Nd5 28. Bxd5 cxd5 29. Kg2 Re4 30. f3 Re8 31. Rd2 Rc8 32. Qd1 Rc4 33. Rd3 h5 34. Kh3 g6 35. Kh2 a6 36.
Kg2 Kh7 37. Kf1 Bf6 38. Rxd5 Bxh4 39. Qd3 Rxf4 40. Rxh5+ Kg7 41. Rxh4 Rxh4 42. gxh4 Qf6 43. Qe4 Qa1+ 44. Kg2 Qxa3 45. Kg3 Qc3 46. Kf4 Kg8 47. Qe8+ Kg7 48. Qe5+ Qxe5+ 49. Kxe5 Kh6 50. Kf6 Kh5 51. Kxf7 Kxh4 52. Kxg6 Kg3 53. Kf5 Kxf3 54. Ke5 Ke3 55. Kd5 Kd2 56. c4 bxc4 57. Kxc4 Kc2 58. Kc5 Kb3 59. b5 axb5 60. Kxb5 1/2-1/2

[Event "*** Titled Tuesday Blitz"]
[Site "Chess.com"]
[Date "2020.05.12"]
[Round "9"]
[White "Hippotaner"]
[Black "MPGM"]
[Result "1-0"]
[WhiteElo "2381"]
[BlackElo "2522"]
[TimeControl "180+1"]
[EndTime "11:43:42 PDT"]
[Termination "Hippotaner won by resignation"]

1. e4 e5 2. Nf3 Nc6 3. Bc4 Bc5 4. c3 Nf6 5. d3 a6 6. a4 d6 7. Na3 Ne7 8. Bg5 Ng6 9. Nh4 O-O 10. Nc2 h6 11. Nxg6 hxg5 12. Nxf8 Qxf8 13. O-O g6 14. d4 Ba7 15. Qe2 Kg7 16. Rad1 Qe7 17. a5 Bg4 18. f3 Bd7 19. Ne3 Rh8 20. g4 c6 21. Kg2 Ne8 22. d5 Nc7 23. Ba2 cxd5 24. Nxd5 Nxd5 25. Bxd5 Bb5 26. Bc4 Bc6 27. b4 Qf6 28. Qd2 Rd8 29. Rh1 Qf4 30. Qxf4 gxf4 31. Rd3 Bb8 32. h4 Rc8 33. h5 Bxe4 34. fxe4 Rxc4 35. Kf3 Rc8 36.
h6+ Kh7 37. g5 Rf8 38. Kg4 f6 39. gxf6 Rxf6 40. c4 Bc7 41. c5 Re6 42. Rhd1 Kxh6 43. cxd6 Bd8 44. Rc1 Kg7 45. Rc8 Bf6 46. d7 Rc6 47. Rxc6 bxc6 48. d8=Q Bxd8 49. Rxd8 Kf6 50. Rd6+ Ke7 51. Rxc6 Kd7 52. Rxg6 Ke7 53. Rxa6 Kd7 54. Rf6 Ke7 55. Rf5 Kd7 56. Rxe5 1-0

[Event "*** Titled Tuesday Blitz"]
[Site "Chess.com"]
[Date "2020.05.12"]
[Round "9"]
[White "ajian"]
[Black "HrvojeZagreb"]
[Result "1-0"]
[WhiteElo "2369"]
[BlackElo "2191"]
[TimeControl "180+1"]
[EndTime "11:43:42 PDT"]
[Termination "ajian won by checkmate"]

1. d4 e6 2. c4 f5 3. g3 Nf6 4.
Bg2 Be7 5. Nf3 O-O 6. O-O d6 7.
Nc3 Ne4 8. Qc2 Nxc3 9. Qxc3 Bf6 10.
b3 Nc6 11. Bb2 e5 12. dxe5 dxe5 13. Rad1 Qe8 14. e4 Qh5 15. c5 fxe4 16. Nd2 Nd4 17. Rde1 Nf3+ 18. Nxf3 exf3 19. Bxf3 Qg5 20. Qc4+ Kh8 21.
Bg2 h5 22. h4 Qg6 23. Bxe5 Bxe5 24. Rxe5 c6 25. Rg5 Qh6 26. Qc3 Bf5 27. Re1 Bg6 28.
Re7 Rf7 29. Re6 Rf6 30. Rxf6 gxf6 31. Qxf6+ Kh7 32. f4 Rg8 33. f5 Be8 34. Qxh6+ Kxh6 35. Rxg8 Bd7 36. Rd8 Bxf5 37. Rb8 Bb1 38. Rxb7 Bxa2 39. Rxa7 Bxb3 40. Bxc6 Kg6 41. Be4+ Kh6 42. Rb7 Bg8 43. c6 Bf7 44. Rb6 Kg7 45. c7 Bd5 46. Bxd5 Kh7 47. c8=Q Kg7 48. Qc7+ Kf8 49. Rb8# 1-0

[Event "*** Titled Tuesday Blitz"]
[Site "Chess.com"]
[Date "2020.05.12"]
[Round "9"]
[White "swimmerchess"]
[Black "Evgeny81"]
[Result "1-0"]
[WhiteElo "2847"]
[BlackElo "2724"]
[TimeControl "180+1"]
[EndTime "11:43:44 PDT"]
[Termination "swimmerchess won on time"]

1. e4 e6 2. d4 d5 3. Nc3 Nf6 4. e5 Nfd7 5. f4 c5 6. Nf3 Nc6 7. Be3 Be7 8. Qd2 O-O 9. dxc5 Nxc5 10. O-O-O a6 11. Kb1 b5 12. Bd3 Nxd3 13. Qxd3 Qa5 14. h4 b4 15. Ng5 g6 16. h5 Bxg5 17. hxg6 fxg6 18. Ne2 Be7 19. g4 b3 20. a3 Qb5 21.
Qc3 bxc2+ 22. Qxc2 Rb8 23. Nd4 Nxd4 24. Bxd4 Bxa3 25.
f5 exf5 26. e6 Rb7 27. gxf5 Qc4 28. Qg2 Rxf5 29. Qxg6+ Kf8 30. Qxf5+ Ke8 31. Rxh7 Rxh7 32. Qxh7 Bxe6 33. bxa3 Qb3+ 34. Kc1 Qxa3+ 35. Bb2 Qe3+ 36. Kb1 Bf7 37. Qh8+ Kd7 38. Qe5 Qb3 39. Qf5+ Be6 40. Qh7+ Kd6 41. Rc1 Qb6 42. Qg7 Bf5+ 43. Ka2 Qa5+ 44.
Kb3 Qb5+ 45. Ka2 Qa4+ 46. Ba3+ 1-0

[Event "*** Titled Tuesday Blitz"]
[Site "Chess.com"]
[Date "2020.05.12"]
[Round "9"]
[White "viktorskliarov"]
[Black "karinachess1"]
[Result "0-1"]
[WhiteElo "2569"]
[BlackElo "2467"]
[TimeControl "180+1"]
[EndTime "11:43:44 PDT"]
[Termination "karinachess1 won by checkmate"]

1. e4 e5 2. Nc3 Nc6 3. Bc4 Nf6 4. d3 Na5 5. Nge2 g6 6. Bb3 Nxb3 7. axb3 Bg7 8. O-O O-O 9. f4 exf4 10. Bxf4 d5 11. Bg5 h6 12. Bxf6 Bxf6 13. exd5 Bg7 14. Ra4 Bf5 15. Ng3 Bd7 16. Raf4 Qe7 17. Qf3 Rae8 18. h3 f5 19. Rc4 Qd6 20. Nge2 b5 21.
Rc6 Bxc6 22. dxc6 b4 23. Na4 f4 24. d4 Re3 25. Qf2 g5 26. c3 Rfe8 27. Nc1 Qxc6 28. Nc5 bxc3 29. bxc3 Rxc3 30. b4 Rce3 31. Qa2+ Kh8 32. Qf7 Bxd4 33. Kh2 Qf6 34. Qxc7 Be5 35.
Nd7 Bxc7 36. Nxf6 Rd8 37. Ng4 Rc3 38. Ne2 f3+ 39. Ng3 fxg2 40. Kxg2 Rxg3+ 41. Kf2 Rd2+ 42. Ke1 Ra2 43. Rf8+ Kg7 44. Rc8 Bf4 45. Kf1 Rxh3 46. Nf2 Rf3 47. Kg2 Rfxf2+ 48. Kh3 Rg2 49. b5 Rg3# 0-1

[Event "*** Titled Tuesday Blitz"]
[Site "Chess.com"]
[Date "2020.05.12"]
[Round "9"]
[White "Gareth-Bale11"]
[Black "SahaNeelash"]
[Result "1-0"]
[WhiteElo "2722"]
[BlackElo "2549"]
[TimeControl "180+1"]
[EndTime "11:43:45 PDT"]
[Termination "Gareth-Bale11 won by checkmate"]

1. e4 c6 2. d4 d5 3. exd5 cxd5 4. Bd3 Nf6 5. c3 Nc6 6. Bf4 Bg4 7. Qb3 Qc8 8. Nd2 e6 9. Ngf3 Be7 10. O-O O-O 11.
Rae1 Bh5 12. Qc2 a6 13. Ne5 Qd8 14. Re3 Rc8 15. Nxc6 Rxc6 16. Rh3 Bg6 17. Bxg6 hxg6 18. Nf3 Bd6 19. Ne5 Bxe5 20. Bxe5 b5 21. a3 Nd7 22. Bg3 Qe7 23. Qe2 Rfc8 24. Re1 Nf6 25. Bh4 Qb7 26. Bxf6 gxf6 27. Qf3 Kg7 28. Qf4 g5 29. Rg3 Qc7 30. Qe3 Kf8 31. h4 gxh4 32.
Qh6+ Ke7 33. Qxh4 a5 34. Rf3 Rg8 35. Qxf6+ Ke8 36. g3 Qe7 37. Qe5 Qd6 38. Qh5 Rc7 39. Kg2 Rf8 40. Rf6 Kd8 41. Qh6 Re8 42. Qg7 Qe7 43.
Re3 b4 44. axb4 axb4 45. cxb4 Qf8 46. Qg5 Kc8 47. Ra3 Kb8 48. Qf4 Kb7 49. Ra7+ Kxa7 50. Qxc7+ Ka8 51. Rf3 Qe7 52. Ra3# 1-0

[Event "*** Titled Tuesday Blitz"]
[Site "Chess.com"]
[Date "2020.05.12"]
[Round "9"]
[White "Karacsonyi_Gellert"]
[Black "LikeWater"]
[Result "1-0"]
[WhiteElo "2503"]
[BlackElo "2664"]
[TimeControl "180+1"]
[EndTime "11:43:45 PDT"]
[Termination "Karacsonyi_Gellert won by resignation"]

1. e4 c5 2. Nf3 e6 3. d4 cxd4 4. Nxd4 Nc6 5. Nc3 Qc7 6. Be3 Nf6 7. a3 Be7 8. f4 d6 9. Qf3 O-O 10.
O-O-O a6 11. Nxc6 bxc6 12. g4 d5 13. g5 Nd7 14. h4 Qa5 15. Nb1 Rb8 16. h5 c5 17. g6 Qb6 18. b3 dxe4 19. gxh7+ Kh8 20. Qg3 Nf6 21. Bc4 Kxh7 22. Rdg1 Ne8 23. Nc3 Qa5 24.
Nxe4 Qxa3+ 25. Kb1 Bb7 26. Qg6+ Kg8 27. Ng5 Bxg5 28.
Qxg5 Be4 29. Qxc5 Rxb3+ 30. Bxb3 Qxb3+ 31. Ka1 Bxc2 32. h6 Bg6 33. h7+ Bxh7 34. Rxh7 Qa4+ 35. Kb2 Kxh7 36. Qxf8 Qe4 37. Qxe8 Qxe3 38. Rh1+ Kg6 39. Qc6 Qd2+ 40. Qc2+ Qxc2+ 41. Kxc2 Kf5 42. Rf1 f6 43. Kd3 a5 44. Ke3 g5 45. fxg5+ Kxg5 46. Ra1 Kf5 47. Rxa5+ e5 48. Kf3 1-0

[Event "*** Titled Tuesday Blitz"]
[Site "Chess.com"]
[Date "2020.05.12"]
[Round "9"]
[White "Ekka83"]
[Black "yamalchess"]
[Result "1-0"]
[WhiteElo "2383"]
[BlackElo "2480"]
[TimeControl "180+1"]
[EndTime "11:43:45 PDT"]
[Termination "Ekka83 won by resignation"]

1. Nf3 Nf6 2. g3 g6 3. Bg2 Bg7 4. O-O O-O 5. c4 c5 6. Nc3 Nc6 7. d4 d6 8. d5 Na5 9. Nd2 a6 10. a4 e5 11. e4 Bd7 12. Qe2 Rb8 13.
f4 exf4 14. gxf4 Ng4 15. Nf3 Nb3 16. Ra3 Nd4 17. Nxd4 Bxd4+ 18. Kh1 Qh4 19. h3 Nf2+ 20. Rxf2 Qxf2 21. Qxf2 Bxf2 22. e5 Rfe8 23. Ne4 dxe5 24. Nf6+ Kg7 25. Nxd7 Rbd8 26. Nxe5 f6 27. Nd3 Bd4 28. Rb3 Rd7 29. Rb6 Re2 30. Kh2 h5 31. Re6 Rc2 32. f5 g5 33. h4 gxh4 34. Bf4 Rxc4 35.
d6 Bxb2 36. Re7+ Rxe7 37. dxe7 Kf7 38. Bd5+ Kxe7 39. Bxc4 Bd4 40. Nxc5 Bxc5 41. Kh3 Bd6 42. Bxd6+ Kxd6 43. Kxh4 Ke5 44. Be6 b5 45. axb5 axb5 46. Kxh5 b4 47. Kg6 b3 48. Bxb3 1-0

[Event "*** Titled Tuesday Blitz"]
[Site "Chess.com"]
[Date "2020.05.12"]
[Round "9"]
[White "Konek-Gorbunok"]
[Black "Angel_Hranitel_37"]
[Result "0-1"]
[WhiteElo "2176"]
[BlackElo "2363"]
[TimeControl "180+1"]
[EndTime "11:43:45 PDT"]
[Termination "Angel_Hranitel_37 won on time"]

1. d4 Nf6 2. Nf3 g6 3. c4 Bg7 4. Nc3 d6 5. e4 O-O 6. Be2 e5 7. dxe5 dxe5 8. Qxd8 Rxd8 9. Bg5 c6 10. Nxe5 h6 11.
Bf4 Re8 12. O-O-O Be6 13. h3 Na6 14. Bh2 Nc5 15. f3 Rac8 16. Kc2 a6 17. Ng4 b5 18. b3 h5 19. Nxf6+ Bxf6 20. Bd6 Nb7 21. Bf4 bxc4 22. Bxc4 Bxc4 23. bxc4 Na5 24. c5 g5 25.
Bc1 Nc4 26. Na4 Rb8 27. Rd3 Rb4 28. Nc3 Reb8 29. a3 Rb3 30. Rhd1 g4 31. hxg4 hxg4 32.
Na4 Rxd3 33. Rxd3 gxf3 34. gxf3 Rb5 35. Rb3 Ra5 36. Rb4 Ne5 37. Be3 Nxf3 38. Nb6 Rxa3 39. Nd7 Kg7 40. Rb7 Rxe3 0-1

[Event "*** Titled Tuesday Blitz"]
[Site "Chess.com"]
[Date "2020.05.12"]
[Round "9"]
[White "StephenDedalus83"]
[Black "SerGo055"]
[Result "1/2-1/2"]
[WhiteElo "2730"]
[BlackElo "2579"]
[TimeControl "180+1"]
[EndTime "11:43:46 PDT"]
[Termination "Game drawn by repetition"]

1. e4 d5 2. exd5 Qxd5 3. Nc3 Qd8 4. d4 Nf6 5. Nf3 c6 6. Bc4 Bf5 7. Ne5 e6 8. g4 Be4 9. Nxe4 Nxe4 10. Qf3 Nd6 11.
Bd3 Nd7 12. Bd2 Be7 13. O-O-O Bg5 14. Kb1 Bxd2 15. Rxd2 Qe7 16. Re1 O-O-O 17. c3 Nxe5 18. Rxe5 Qf6 19. Qg3 g6 20. Rde2 h5 21. gxh5 Rxh5 22.
Rxh5 gxh5 23. Qe5 Qxe5 24. Rxe5 Rh8 25. Kc2 Kd7 26. Rg5 Ke7 27. Kd2 h4 28. Ke3 Kf6 29. Kf4 b6 30. h3 Ke7 31. Kg4 f5+ 32. Kf4 Kf6 33. f3 c5 34. Rg1 cxd4 35. cxd4 Rc8 36. Ke3 Nc4+ 37. Bxc4 Rxc4 38. Kd3 Rc8 39. f4 Kf7 40.
Kd2 Kf6 41. Rg5 Rd8 42. Ke3 Rc8 43. Kd3 Rh8 44. b4 b5 45. a3 a6 46. Ke3 Rc8 47. Kd3 Rh8 48. Kc3 Rc8+ 49. Kd2 Rd8 50. Kd3 Rh8 1/2-1/2

[Event "*** Titled Tuesday Blitz"]
[Site "Chess.com"]
[Date "2020.05.12"]
[Round "9"]
[White "Chessmasterzt"]
[Black "profofchess"]
[Result "0-1"]
[WhiteElo "2545"]
[BlackElo "2439"]
[TimeControl "180+1"]
[EndTime "11:43:46 PDT"]
[Termination "profofchess won on time"]

1. Nf3 Nc6 2. c4 e5 3. Nc3 Nf6 4. e3 Bb4 5. Qc2 Bxc3 6. bxc3 d6 7. e4 O-O 8. Be2 Kh8 9. O-O Ng8 10. d3 f5 11.
exf5 Bxf5 12. Rb1 Rb8 13. Nd2 Nf6 14. Bf3 Qe8 15. Re1 Qg6 16. Ne4 Nxe4 17. Bxe4 Bxe4 18. Rxe4 b6 19. Bd2 Rf6 20. Rf1 a5 21. Qd1 Rbf8 22.
Qg4 Qxg4 23. Rxg4 Nb8 24. f3 Nd7 25. Kf2 Nc5 26. Ke2 Ne6 27. g3 Kg8 28. d4 Rf5 29.
Re4 Kf7 30. dxe5 Rxe5 31. Re3 Rxe3+ 32. Bxe3 Re8 33. Kd3 Nf8 34. Bd4 Nd7 35. f4 h5 36.
h3 Nf6 37. Bxf6 Kxf6 38. g4 hxg4 39. hxg4 Rh8 40. Kd4 Ke6 41. Re1+ Kd7 42. Re2 Rh4 43. Rg2 Rh3 44. a4 c5+ 45. Kd5 Rd3+ 0-1

[Event "*** Titled Tuesday Blitz"]
[Site "Chess.com"]
[Date "2020.05.12"]
[Round "9"]
[White "szefru"]
[Black "CalinGheorghiu"]
[Result "0-1"]
[WhiteElo "2118"]
[BlackElo "2312"]
[TimeControl "180+1"]
[EndTime "11:43:46 PDT"]
[Termination "CalinGheorghiu won by checkmate"]

1. e4 c5 2. Nf3 d6 3. d4 cxd4 4. Qxd4 a6 5. c4 Nc6 6. Qd3 Nf6 7. Nc3 g6 8. Be2 Bg7 9. O-O O-O 10. h3 Be6 11.
Be3 Rc8 12. b3 Nd7 13. Rad1 h6 14. Nd4 Nxd4 15. Bxd4 Qa5 16. Bxg7 Kxg7 17. f4 f6 18. f5 Bf7 19. Qg3 g5 20. Nd5 Rfe8 21. a4 Ne5 22.
Nf4 b5 23. axb5 axb5 24. Bh5 bxc4 25. Bxf7 Kxf7 26. Ne6 c3 27. Qf2 c2 28. Rc1 Qc3 29. Qe2 g4 30. hxg4 Rh8 31. Rf2 Nd3 32. Rf3 Nxc1 33.
Qf1 Qd2 34. Rf2 Qe3 35. Kh2 Nd3 36. Rf3 c1=Q 37. Rxe3 Qxf1 38. Rxd3 Qxd3 39. Nf4 Qxe4 40. Nh3 Qxg4 41. b4 Rc2 42. Nf4 Qxf4+ 43. Kh3 Rg8 44. b5 Rg3+ 45. Kh2 Rcxg2+ 46. Kh1 Qh4# 0-1

[Event "*** Titled Tuesday Blitz"]
[Site "Chess.com"]
[Date "2020.05.12"]
[Round "9"]
[White "MFguimaraes"]
[Black "zmarian"]
[Result "1/2-1/2"]
[WhiteElo "2448"]
[BlackElo "2149"]
[TimeControl "180+1"]
[EndTime "11:43:46 PDT"]
[Termination "Game drawn by repetition"]

1. e4 g6 2. d4 Bg7 3. Nc3 c5 4. dxc5 Qa5 5. Bd3 Bxc3+ 6. bxc3 Qxc3+ 7. Bd2 Qxc5 8. Nf3 d6 9. O-O Nf6 10. Bh6 Bg4 11. Bg7 Rg8 12. Bxf6 exf6 13. Rb1 b6 14. Bb5+ Ke7 15. h3 Bxf3 16. Qxf3 Nc6 17. e5 Nxe5 18. Qb7+ Ke6 19. Rfe1 f5 20. Ba4 Rgb8 21. Bb3+ Kf6 22. Qa6 Re8 23. Rbd1 Kg7 24. Rd5 Qc3 25. Re3 Qc7 26.
Qe2 Red8 27. f4 Nc6 28. Qc4 Rac8 29. Rc3 Qe7 30. Qf1 Nb4 31. Rxc8 Rxc8 32. Rd2 Qe3+ 33.
Qf2 Qxf2+ 34. Kxf2 Rd8 35. c3 Na6 36. Re2 Nc5 37.
Bd5 Kf6 38. g4 fxg4 39. hxg4 h6 40. c4 Rd7 41. Kf3 Nd3 42. Re3 Nb4 43. Ra3 Nxd5 44. cxd5 Rc7 45. Ra4 g5 46. fxg5+ hxg5 47. Ke4 Re7+ 48.
Kf3 Rc7 49. Ra3 Re7 50. Ra4 Rc7 1/2-1/2

[Event "*** Titled Tuesday Blitz"]
[Site "Chess.com"]
[Date "2020.05.12"]
[Round "9"]
[White "Arjun2002"]
[Black "AttilaTurzo"]
[Result "1-0"]
[WhiteElo "2672"]
[BlackElo "2499"]
[TimeControl "180+1"]
[EndTime "11:43:47 PDT"]
[Termination "Arjun2002 won by resignation"]

1. e4 c5 2. Nf3 Nc6 3. d4 cxd4 4. Nxd4 Nf6 5. Nc3 d6 6. f3 e5 7. Nb3 Be6 8. Nd5 Bxd5 9. exd5 Nb8 10. Be3 Be7 11.
Be2 O-O 12. O-O a5 13. c4 a4 14. Nd2 Nfd7 15. Kh1 Bg5 16. Bf2 Na6 17. Ne4 Be7 18.
Qxa4 f5 19. Nc3 e4 20. fxe4 f4 21. Bg4 Ne5 22. Be6+ Kh8 23. Bd4 Nc5 24. Qd1 Ncd3 25. Ne2 Bg5 26. Ng1 Nxb2 27. Bxb2 Nxc4 28. Bd4 Ne3 29.
Bxe3 fxe3 30. Rxf8+ Qxf8 31. Qe2 Qf4 32. Nf3 Bh6 33.
Qc2 Rf8 34. Re1 Qf6 35. Bf5 g6 36. Be6 Bf4 37. Re2 Qa1+ 38. Re1 Qf6 39. Qe2 Qc3 40. Rf1 b5 41. g3 Bh6 42. Ng1 Rb8 43. Qf3 Bg7 44.
Ne2 Qd2 45. Qg2 b4 46. Nf4 Qd4 47. Nxg6+ hxg6 48. Qh3+ 1-0

[Event "*** Titled Tuesday Blitz"]
[Site "Chess.com"]
[Date "2020.05.12"]
[Round "9"]
[White "earling8018"]
[Black "chessuriel"]
[Result "0-1"]
[WhiteElo "2024"]
[BlackElo "2148"]
[TimeControl "180+1"]
[EndTime "11:43:47 PDT"]
[Termination "chessuriel won on time"]

1. d4 Nf6 2. c4 e6 3. Nf3 b6 4. g3 Bb7 5. Bg2 Be7 6. O-O Ne4 7. Qc2 O-O 8. Nc3 f5 9. Nd2 d5 10. cxd5 exd5 11. Nf3 Nd7 12. Bf4 c5 13. dxc5 bxc5 14. Rad1 Ndf6 15. Ne5 Qa5 16. Qa4 Qb6 17. Qb5 d4 18.
Qxb6 axb6 19. Nxe4 fxe4 20. Bg5 Rxa2 21. Bxf6 Rxf6 22. Nd7 Rd6 23. Ne5 Re6 24. Nc4 Ba6 25.
b3 Bd8 26. Bh3 Re8 27. Nd6 Re5 28. Ra1 Rxa1 29. Rxa1 Bc7 30. Rxa6 Bxd6 31. Rxb6 Bf8 32. Kf1 g6 33. Ke1 Be7 34. Bd7 Kf7 35. Bb5 Bd8 36. Rb7+ Kf6 37. Rxh7 Ba5+ 38. Kd1 Rf5 39. f3 exf3 40.
exf3 Rxf3 41. Bc4 Kg5 42. Ke2 Rc3 43. Be6 Bb4 44. h4+ Kf6 45. Bc4 Rxg3 46. Rf7+ Ke5 47.
Rg7 Kf5 48. h5 Re3+ 0-1

[Event "*** Titled Tuesday Blitz"]
[Site "Chess.com"]
[Date "2020.05.12"]
[Round "9"]
[White "Susal_De_Silva"]
[Black "Koalaskakistis"]
[Result "0-1"]
[WhiteElo "2272"]
[BlackElo "2453"]
[TimeControl "180+1"]
[EndTime "11:43:48 PDT"]
[Termination "Koalaskakistis won by resignation"]

1. e4 c5 2. Nf3 Nc6 3. Bb5 Nf6 4. Nc3 Qc7 5. O-O a6 6. Bxc6 dxc6 7. Re1 e5 8. d3 h6 9. Be3 Be6 10. Nd2 Nd7 11. a4 a5 12. Rf1 g5 13. g3 O-O-O 14. f4 Bh3 15. Rf2 gxf4 16. gxf4 Rg8+ 17. Kh1 Nf6 18.
Qf3 Bg4 19. Qg3 Nh5 20. Qg2 exf4 21. Raf1 fxe3 22. Rxf7 Be7 23. Nc4 Be6 24. Qf3 Bxf7 25. Qxf7 Ng3+ 26. hxg3 Qxg3 27. Qf5+ Kb8 28. Qf4+ Qxf4 29.
Rxf4 Bg5 30. Rf5 Rdf8 31. Kg2 Rxf5 32. exf5 Rf8 33. Nd6 Kc7 34. Nce4 Bf4 35. Nc4 Rxf5 36. Kf3 Bg5+ 37. Ke2 b6 38. Nxe3 Bxe3 39. Kxe3 h5 40. Ng3 Rg5 41. Kf3 h4 42. Ne4 Rg8 43. Nf2 Rg3+ 44.
Kf4 Rg2 45. Kf3 h3 46. Nxh3 Rxc2 0-1

[Event "*** Titled Tuesday Blitz"]
[Site "Chess.com"]
[Date "2020.05.12"]
[Round "9"]
[White "manmanlai1"]
[Black "Alopekos"]
[Result "1-0"]
[WhiteElo "2346"]
[BlackElo "2454"]
[TimeControl "180+1"]
[EndTime "11:43:49 PDT"]
[Termination "manmanlai1 won on time"]

1. e4 c5 2. Nf3 e6 3. d4 cxd4 4. Nxd4 Nc6 5. Nc3 Qc7 6. Be3 a6 7. Qd2 Nf6 8. f4 Bb4 9. Bd3 d5 10. e5 Ne4 11. Bxe4 dxe4 12. a3 Nxd4 13. axb4 Nf5 14. Bf2 Qc6 15. O-O b5 16. Bc5 Bb7 17. Nd1 Rd8 18. Qe2 Nd4 19. Qf2 Nf5 20. Ne3 Nxe3 21.
Qxe3 Qd5 22. Rf2 h5 23. h3 Rh6 24. Kh2 h4 25. c3 Rg6 26. Bd4 Rg3 27. Qe2 e3 28. Rf3 Rxf3 29. gxf3 Qxf3 30. Qxf3 Bxf3 31. Re1 e2 32. Kg1 Kd7 33. Kf2 Bh5 34. Ra1 Ra8 35. Rg1 g6 36. Ra1 Kc6 37. Ke1 Kd5 38. Bf2 Ke4 39. Bxh4 Kxf4 40. Bf2 Kxe5 41. Bd4+ Ke4 42. Kf2 e5 43. Bc5 f5 44. c4 bxc4 45. b5 a5 46. b6 Kd3 47. Bd6 Rd8 48. b7 e4 49. b8=Q e3+ 50.
Ke1 Rxb8 51. Bxb8 Kc2 52. Bf4 Kxb2 53. Rxa5 c3 54. Bxe3 c2 55. Rc5 Kb1 56. Kd2 Bf3 57. Rc7 Bh5 58. Bf4 Kb2 59. h4 Kb3 60. Rc3+ Kb2 61.
Rxc2+ Kb3 62. Rc6 1-0

[Event "*** Titled Tuesday Blitz"]
[Site "Chess.com"]
[Date "2020.05.12"]
[Round "9"]
[White "DonPreuss"]
[Black "alexsergeyev"]
[Result "0-1"]
[WhiteElo "2189"]
[BlackElo "2365"]
[TimeControl "180+1"]
[EndTime "11:43:49 PDT"]
[Termination "alexsergeyev won on time"]

1. d4 d5 2. e4 dxe4 3. Nc3 e5 4. Nxe4 Nf6 5. Nxf6+ Qxf6 6. dxe5 Qxe5+ 7. Be2 Bg4 8. Be3 Bxe2 9. Nxe2 Nc6 10. c3 Bc5 11. Bxc5 Qxc5 12.
O-O O-O 13. Qb3 b6 14. Ng3 Rfe8 15. Rfe1 Rad8 16. Ne4 Qe5 17. Re3 Na5 18. Qc2 Re6 19.
Rae1 Nc4 20. R3e2 Rde8 21. Ng3 Qd6 22. h3 Rxe2 23. Rxe2 Rxe2 24. Qxe2 Qe6 25. Qf3 c6 26. b3 Ne5 27. Qe4 g6 28. Ne2 f5 29. Qa4 a5 30. Nf4 Qd6 31. Qd4 Qxd4 32. cxd4 Nd7 33.
Kf1 Kf7 34. Ke2 Nf6 35. Nd3 Ke6 36. a3 Nd5 37. Kd2 g5 38. Nb2 h5 39. Nc4 h4 40.
Kd3 g4 41. hxg4 fxg4 42. Ke2 Nf4+ 43. Kf1 Nd5 44. Nd2 Kf5 45. f3 g3 46. Ke2 Kf4 47.
Kd3 Ne3 0-1

[Event "*** Titled Tuesday Blitz"]
[Site "Chess.com"]
[Date "2020.05.12"]
[Round "9"]
[White "narutosmith"]
[Black "Lion-Al-Messi"]
[Result "0-1"]
[WhiteElo "2284"]
[BlackElo "2457"]
[TimeControl "180+1"]
[EndTime "11:43:51 PDT"]
[Termination "Lion-Al-Messi won on time"]

1. c4 c5 2. Nc3 Nc6 3. g3 g6 4. Bg2 Bg7 5. Rb1 a6 6. a3 Rb8 7. b4 cxb4 8. axb4 b5 9. cxb5 axb5 10. e3 Nf6 11. d4 d5 12. Qb3 Be6 13. Nge2 O-O 14.
O-O Qd7 15. Nf4 Rfd8 16. Nxe6 Qxe6 17. Bd2 Qd6 18. Rfc1 e6 19. Bf1 Na7 20. Ra1 Rb7 21. Rxa7 Rxa7 22. Nxb5 Qb6 23. Nxa7 Qxa7 24. b5 Nd7 25. Qc3 Rb8 26. Qc7 Qxc7 27. Rxc7 Nb6 28.
Rc6 Bf6 29. Bb4 Bd8 30. Bd6 Rb7 31. Be5 Kf8 32. h4 h5 33. Bd3 Ke8 34. Kg2 Kd7 35. Bf4 Be7 36. Be5 Nc8 37. f3 Na7 38. Ra6 Nxb5 39.
e4 Nc3 40. exd5 Nxd5 41. Be4 Rb2+ 42. Kh3 Rb7 43. Bxd5 exd5 44. Bf6 Bd6 45. Be5 Be7 46. Bg7 Bb4 47. Be5 Bd2 48. g4 Ke7 0-1